Map: Dusk Towers

Players

ILLBdA - Winner!

  • Race: Protoss Protoss
  • League: Diamond

Twilight

  • Race: Zerg Zerg
  • League: Diamond

VOD

Have the link to the VOD?

Description

Time

  • Played on: Jan. 2, 2016, 4:10 a.m.
  • Length: 8:28
Show
View Real Time Build Order
Export as new Build Order

ILLBdA Protoss - Winner!

Build Orders: Nexus First 

Get SALT Encoding   

  12  0:01  Probe (Chrono Boost)  
  13  0:11  Probe (Chrono Boost)  
  14  0:18  Pylon  
  14  0:22  Probe (Chrono Boost)  
  15  0:37  Probe (Chrono Boost)  
  16  0:47  Probe (Chrono Boost)  
  17  0:57  Nexus  
  17  1:07  Gateway  
  17  1:11  Probe (Chrono Boost)  
  18  1:21  Probe (Chrono Boost)  
  18  1:22  Assimilator  
  19  1:27  Assimilator  
  19  1:34  Gateway  
  19  1:40  Probe (Chrono Boost)  
  20  1:51  Probe (Chrono Boost)  
  21  1:54  Cybernetics Core  
  22  2:01  Probe (Chrono Boost)  
  22  2:04  Pylon  
  22  2:10  Probe (Chrono Boost)  
  22  2:12  Probe (Chrono Boost)  
  24  2:20  Probe (Chrono Boost)  
  24  2:22  Probe (Chrono Boost)  
  26  2:30  Adept (Chrono Boost)  
  26  2:31  Probe (Chrono Boost)  
  26  2:32  Adept (Chrono Boost)  
  26  2:33  Probe (Chrono Boost)  
  26  2:35  Warp Gate  
  32  2:45  Mothership Core  
  32  2:50  Probe, Pylon  
  35  2:55  Sentry (Chrono Boost)  
  37  2:59  Adept (Chrono Boost)  
  37  3:02  Probe  
  40  3:06  Probe  
  41  3:14  Probe  
  41  3:18  Probe  
  43  3:32  Gateway  
  43  3:34  Probe, Gateway  
  44  3:42  Stargate  
  44  3:46  Probe (Chrono Boost)  
  45  3:55  Probe (Chrono Boost)  
  46  4:00  Probe (Chrono Boost)  
  47  4:06  Probe (Chrono Boost)  
  47  4:07  Assimilator  
  47  4:09  Pylon  
  48  4:10  Assimilator  
  48  4:12  Probe (Chrono Boost), Pylon  
  48  4:13  Pylon  
  48  4:16  Probe (Chrono Boost)  
  50  4:20  Gateway  
  50  4:21  Gateway  
  50  4:25  Phoenix (Chrono Boost)  
  50  4:27  Probe  
  53  4:34  Probe  
  54  4:42  Adept  
  54  4:43  Adept x3  
  62  4:47  Phoenix (Chrono Boost)  
  62  4:51  Pylon  
  64  5:09  Phoenix (Chrono Boost)  
  66  5:22  Adept x4  
  66  5:23  Adept  
  76  5:30  Phoenix (Chrono Boost)  
  78  5:43  Adept x3  
  78  5:44  Pylon  
  84  5:54  Phoenix  
  86  6:03  Pylon  
  86  6:05  Adept  
  86  6:06  Adept x3  
  94  6:21  Phoenix  
  71  6:26  Adept x3  
  71  6:27  Adept x3  
  83  6:52  Adept  
  83  6:53  Adept x5  
  89  6:55  Phoenix (Chrono Boost)  
  85  7:18  Phoenix (Chrono Boost)  
  87  7:26  Adept x5  
  93  7:40  Phoenix (Chrono Boost)  
  91  8:02  Phoenix (Chrono Boost)  
  91  8:21  Adept x4  
  91  8:22  Adept  
Show
View Real Time Build Order
Export as new Build Order

Twilight Zerg 

Build Orders: Hatch First 

Get SALT Encoding   

  12  0:01  Drone  
  13  0:12  Overlord  
  13  0:18  Drone  
  14  0:30  Drone x2  
  14  0:34  Drone  
  17  0:51  Hatchery  
  17  0:54  Drone  
  17  0:58  Drone  
  17  1:03  Extractor  
  17  1:13  Spawning Pool  
  17  1:17  Drone  
  17  1:20  Drone  
  18  1:32  Drone  
  19  1:40  Overlord  
  19  2:00  Zergling x2, Queen  
  19  2:01  Zergling x2  
  23  2:03  Queen, Zergling x2  
  26  2:14  Metabolic Boost  
  26  2:18  Drone x2  
  28  2:25  Drone x2  
  30  2:35  Queen  
  32  2:40  Drone x2  
  34  2:46  Drone x2  
  36  2:54  Overlord  
  36  3:03  Hatchery  
  35  3:07  Drone  
  36  3:19  Drone x2  
  39  3:20  Drone x4  
  39  3:22  Extractor  
  39  3:23  Extractor  
  40  3:28  Drone x2  
  40  3:33  Queen  
  44  3:46  Overlord x4  
  44  3:53  Baneling Nest  
  43  3:59  Drone  
  44  4:04  Drone x2  
  44  4:05  Drone x2  
  44  4:06  Drone  
  49  4:15  Drone  
  50  4:19  Lair  
  50  4:22  Queen  
  52  4:31  Drone x2  
  52  4:37  Zergling x2  
  52  4:38  Zergling x14  
  62  4:49  Overlord x2  
  62  4:54  Drone x6  
  68  5:05  Spore Crawler  
  68  5:06  Spore Crawler, Drone  
  65  5:07  Drone  
  65  5:15  Drone x5  
  65  5:18  Spore Crawler  
  63  5:24  Drone  
  63  5:26  Hydralisk Den  
  63  5:27  Drone x2  
  63  5:28  Drone x5  
  70  5:34  Extractor x2  
  68  5:41  Zergling x2  
  68  5:42  Zergling x14  
  75  5:47  Centrifical Hooks  
  75  5:48  Zergling x2  
  75  5:55  Muscular Augments  
  75  5:56  Zergling x2  
  77  5:57  Zergling x10  
  77  6:03  Baneling  
  77  6:04  Baneling x6  
  81  6:05  Baneling x7  
  81  6:16  Overlord x4  
  65  6:25  Zergling x2  
  65  6:26  Zergling x14  
  70  6:35  Zergling x8  
  70  6:36  Zergling x4  
  76  6:43  Zergling x2  
  76  6:44  Zergling x2  
  72  6:53  Zergling x2  
  69  6:54  Zergling x4  
  69  7:00  Hydralisk x5  
  69  7:01  Hydralisk x4  
  75  7:06  Hydralisk x2  
  82  7:10  Hydralisk  
  80  7:21  Evolution Chamber  
  79  7:23  Queen  
  79  7:24  Evolution Chamber  
  78  7:34  Hydralisk x4  
  80  7:39  Hydralisk  
  80  7:49  Hydralisk x3  
  80  7:50  Hydralisk  
  73  8:00  Zergling x8  
Tags
 
Add a new tag
Caveats
  • Supply blocks, unpowered buildings, or Contaminate may cause inaccurate times.
  • Supply counts are checked every 10 seconds.